Map: Inside and Out

Players

Azure

  • Race: Terran Terran
  • Spawn Location: 7:00

Silky - Winner!

  • Race: Zerg Zerg
  • Spawn Location: 1:00

Event: DreamHack SC2 Masters 2022 Atlanta (Offline)

VOD

Have the link to the VOD?

Description

Time

  • Played on: Nov. 18, 2022, 10:39 a.m.
  • Length: 15:32

All games in this series

Show
View Real Time Build Order
Export as new Build Order

Azure Terran 

Build Orders: Reaper Expand 

Get SALT Encoding   

  12  0:00  SCV  
  13  0:12  SCV  
  14  0:17  Supply Depot  
  14  0:24  SCV  
  15  0:38  SCV  
  15  0:40  Barracks  
  16  0:43  Refinery  
  16  0:50  SCV  
  17  1:02  SCV  
  18  1:14  SCV  
  19  1:27  Reaper, Orbital Command  
  20  1:38  Command Center  
  20  1:49  Supply Depot  
  20  1:53  SCV  
  21  1:59  Marine  
  22  2:05  SCV  
  23  2:09  Factory  
  23  2:15  Refinery  
  23  2:17  SCV  
  23  2:20  Barracks Reactor  
  24  2:29  SCV  
  25  2:41  SCV  
  26  2:50  Orbital Command  
  26  2:53  SCV  
  26  2:57  Marine x2  
  26  2:58  Hellion, Starport  
  31  3:05  SCV  
  32  3:15  Marine x2  
  32  3:16  SCV  
  32  3:18  SCV  
  36  3:22  Widow Mine  
  38  3:28  SCV  
  38  3:30  Supply Depot, SCV  
  38  3:33  Marine x2  
  42  3:36  Medivac  
  42  3:40  SCV  
  44  3:42  SCV  
  45  3:52  SCV  
  45  3:54  SCV  
  47  3:58  Supply Depot  
  47  3:59  Hellion x2  
  47  4:00  Barracks Tech Lab  
  51  4:04  SCV  
  51  4:06  Supply Depot, SCV  
  53  4:16  Command Center, SCV  
  54  4:19  Viking, SCV  
  54  4:24  Hellion  
  59  4:25  Hellion  
  59  4:28  SCV  
  62  4:36  SCV  
  62  4:37  Marine  
  62  4:38  Stimpack  
  64  4:41  SCV  
  64  4:42  Supply Depot  
  65  4:52  Starport Reactor  
  65  4:54  SCV  
  65  4:56  Barracks, SCV  
  65  4:57  Barracks, Marine  
  65  4:58  Factory Tech Lab  
  68  5:06  Refinery x2, SCV  
  69  5:07  Engineering Bay  
  69  5:13  Engineering Bay, SCV  
  70  5:15  Marine  
  71  5:25  Siege Tank  
  71  5:26  SCV  
  74  5:29  SCV  
  74  5:30  Supply Depot  
  74  5:33  Orbital Command  
  75  5:38  Starport Reactor  
  75  5:39  Barracks, SCV  
  75  5:41  SCV, Barracks  
  77  5:45  Marine x2  
  79  5:51  SCV  
  79  5:55  Marine x3  
  81  5:58  Siege Tank  
  81  6:02  Marine  
  81  6:03  SCV  
  87  6:09  Marine  
  83  6:13  Marine x2  
  83  6:14  Orbital Command  
  83  6:17  Marine  
  83  6:18  SCV  
  85  6:20  Marine  
  85  6:23  Medivac x2  
  85  6:24  Supply Depot  
  85  6:25  Combat Shield  
  90  6:26  Supply Depot  
  90  6:30  Siege Tank, Marine x2  
  90  6:32  Barracks Reactor x2  
  95  6:35  Terran Infantry Weapons Level 1  
  95  6:37  Terran Infantry Armor Level 1  
  95  6:41  SCV  
  95  6:42  SCV x2  
  98  6:50  Supply Depot, Marine x2  
  98  6:51  Marine  
  98  6:53  SCV  
  103  6:54  SCV x2  
  103  6:57  Medivac  
  103  6:58  Medivac  
  108  7:05  Marine x2  
  108  7:06  SCV x2  
  112  7:09  Marine x4  
  112  7:11  SCV  
  117  7:18  Supply Depot  
  117  7:20  Marine x2  
  120  7:23  Marine  
  120  7:29  Marine x2  
  125  7:30  Siege Tank  
  125  7:37  Supply Depot, Refinery  
  125  7:40  Medivac x2, Marine x2  
  125  7:41  Factory  
  131  7:46  Marine x2  
  133  7:55  Marine  
  119  8:00  Marine x3  
  119  8:01  Marine x2  
  119  8:02  Siege Tank  
  119  8:03  SCV x2  
  119  8:04  Marine x2  
  119  8:05  Marine  
  129  8:12  SCV  
  128  8:13  Marine  
  128  8:15  SCV  
  128  8:18  SCV, Armory  
  128  8:19  Marine  
  132  8:20  Command Center, Marine  
  132  8:26  Supply Depot, Factory Tech Lab  
  133  8:27  Supply Depot  
  133  8:29  Marine x2  
  133  8:32  Marine  
  133  8:34  Siege Tank  
  140  8:40  Marine  
  141  8:43  Marine  
  141  8:48  Supply Depot x2, Siege Tank, Marine x3  
  146  8:49  Supply Depot, Marine  
  148  8:56  Marine  
  148  8:57  Marine  
  148  8:58  Marine x2  
  148  9:01  Marine  
  153  9:03  Medivac x2  
  153  9:06  Terran Infantry Weapons Level 2  
  153  9:08  Supply Depot  
  153  9:09  Siege Tank  
  159  9:10  Terran Infantry Armor Level 2  
  159  9:12  Marine x2  
  159  9:16  Marine x2  
  159  9:17  Marine  
  164  9:26  Marine x3  
  164  9:27  Siege Tank  
  164  9:31  Marine x3  
  169  9:33  Medivac x2  
  173  9:46  Siege Tank  
  176  9:55  Barracks  
  176  9:56  Barracks  
  176  9:58  Planetary Fortress  
  176  9:59  Siege Tank  
  179  10:00  Barracks  
  179  10:04  Marine x2  
  181  10:14  Sensor Tower  
  181  10:21  Siege Tank  
  181  10:27  Marine x2  
  181  10:28  Marine  
  190  10:41  SCV  
  191  10:43  Terran Vehicle Weapons Level 1  
  191  10:44  Ghost Academy  
  191  10:53  Siege Tank  
  178  11:04  Siege Tank  
  180  11:06  SCV x2, Marine  
  180  11:07  Marauder, Marine  
  174  11:22  Command Center  
  167  11:25  Liberator x2, Siege Tank  
  167  11:27  SCV  
  167  11:28  SCV  
  167  11:30  Marine x3  
  167  11:31  Marine x2  
  179  11:33  Marine  
  179  11:35  Supply Depot, Marine x3  
  179  11:36  Siege Tank  
  179  11:39  Refinery  
  184  11:47  Marine  
  184  11:48  Marine x3  
  184  11:49  Marine  
  184  11:54  Marine  
  189  11:57  Marauder  
  189  11:58  Siege Tank  
  189  12:01  Command Center  
  194  12:07  Marine x2  
  194  12:08  Marine x2  
  192  12:10  Barracks Tech Lab x3  
  192  12:12  Marine x2  
  193  12:18  Marauder  
  195  12:23  Supply Depot  
  195  12:44  Marauder, Marine x2  
  192  12:45  Command Center  
  192  12:49  Barracks Reactor  
  193  12:53  Siege Tank  
  193  12:56  Marine  
  197  13:15  Marine x2  
  199  13:32  Marine  
  200  13:35  Marauder, Marine  
  195  13:52  Command Center  
Show
View Real Time Build Order
Export as new Build Order

Silky Zerg - Winner!

Build Orders: Hatch First, Lurkers 

Get SALT Encoding   

  12  0:00  Drone  
  13  0:12  Overlord  
  13  0:17  Drone  
  14  0:30  Drone  
  14  0:31  Drone  
  16  0:48  Hatchery  
  15  0:51  Drone  
  15  0:54  Drone  
  17  1:04  Drone  
  17  1:09  Extractor  
  17  1:13  Spawning Pool  
  17  1:15  Drone  
  17  1:19  Drone  
  18  1:29  Drone  
  19  1:39  Drone  
  20  1:50  Overlord  
  20  1:59  Queen  
  20  2:00  Zergling x4, Queen  
  26  2:11  Drone x2  
  28  2:23  Hatchery  
  28  2:25  Drone  
  28  2:29  Drone  
  29  2:31  Drone  
  30  2:37  Drone  
  30  2:39  Metabolic Boost  
  30  2:43  Spore Crawler  
  30  2:45  Drone  
  30  2:48  Overlord  
  32  2:53  Queen  
  32  2:57  Drone  
  35  3:00  Drone  
  36  3:08  Drone x2  
  36  3:09  Overlord  
  38  3:14  Drone x2  
  38  3:19  Drone x2  
  40  3:28  Drone x2  
  40  3:30  Queen  
  44  3:35  Queen  
  44  3:36  Drone  
  44  3:37  Drone  
  48  3:41  Overlord  
  48  3:42  Zergling x4  
  48  3:45  Drone  
  48  3:47  Drone x2  
  53  3:52  Drone  
  53  3:54  Spore Crawler  
  53  3:58  Zergling x4  
  55  4:03  Spore Crawler  
  55  4:04  Drone  
  55  4:05  Overlord  
  55  4:06  Drone x2  
  55  4:09  Drone  
  58  4:12  Queen  
  58  4:14  Drone  
  58  4:15  Drone  
  62  4:18  Drone  
  62  4:19  Drone  
  62  4:23  Evolution Chamber x2  
  62  4:25  Drone  
  62  4:28  Drone x2  
  65  4:32  Extractor  
  65  4:37  Drone  
  65  4:38  Overlord  
  65  4:39  Overlord  
  65  4:45  Overlord  
  65  4:50  Zerg Ground Armor Level 1, Zerg Melee Weapons Level 1  
  65  4:53  Spore Crawler, Drone  
  65  4:54  Overlord  
  65  4:58  Zergling x4  
  65  4:59  Drone x4  
  71  5:03  Drone x2  
  71  5:05  Lair  
  73  5:10  Drone x3  
  73  5:11  Drone  
  73  5:12  Drone  
  78  5:18  Extractor  
  78  5:19  Extractor  
  76  5:23  Zergling x2  
  76  5:24  Zergling x8  
  76  5:25  Queen  
  76  5:27  Drone  
  76  5:33  Drone  
  76  5:34  Baneling Nest, Drone x3  
  79  5:40  Drone x2, Extractor  
  79  5:41  Drone  
  81  5:49  Zergling x4  
  83  5:51  Hatchery  
  83  5:53  Zergling x2  
  81  5:59  Zergling x8  
  81  6:00  Zergling x6  
  88  6:07  Hydralisk Den  
  88  6:09  Drone x3  
  88  6:18  Drone x2  
  88  6:19  Centrifugal Hooks  
  88  6:20  Drone  
  88  6:23  Overlord  
  88  6:25  Overlord  
  89  6:27  Overlord  
  89  6:29  Overlord x2  
  89  6:31  Overseer  
  89  6:33  Baneling  
  89  6:34  Baneling x7  
  89  6:36  Muscular Augments  
  89  6:38  Overlord  
  89  6:40  Spore Crawler, Queen x2  
  89  6:41  Overlord  
  89  6:42  Zergling x6  
  89  6:44  Drone  
  89  6:46  Zerg Melee Weapons Level 2  
  96  6:48  Zergling x2  
  96  6:51  Zergling x6  
  100  6:56  Zerg Ground Armor Level 2  
  100  6:58  Drone x2  
  102  7:03  Drone x5  
  102  7:07  Hydralisk x2  
  111  7:10  Hydralisk  
  111  7:13  Zergling x2  
  114  7:16  Zergling x6  
  114  7:20  Hydralisk  
  119  7:24  Baneling  
  119  7:25  Baneling x2  
  119  7:26  Zergling x4  
  119  7:28  Zergling x4  
  122  7:34  Hydralisk  
  122  7:37  Hydralisk x5  
  124  7:43  Overlord  
  134  7:47  Zergling x2  
  132  7:57  Zergling x20  
  128  8:02  Zergling x2  
  128  8:08  Drone x3  
  128  8:09  Zergling x2  
  128  8:10  Zergling x4, Infestation Pit, Lurker Den  
  128  8:11  Extractor  
  130  8:13  Grooved Spines  
  130  8:16  Drone  
  131  8:20  Drone x3  
  131  8:22  Baneling x9  
  131  8:23  Hatchery  
  131  8:26  Zergling x2  
  134  8:29  Hatchery  
  134  8:32  Hydralisk x3  
  138  8:42  Zergling x16, Extractor  
  138  8:43  Extractor  
  138  8:45  Baneling x6  
  138  8:47  Zergling x10  
  149  8:54  Hive  
  149  8:56  Drone  
  149  8:59  Zergling x2  
  149  9:00  Zergling x2  
  149  9:01  Overlord  
  149  9:05  Zerg Missile Weapons Level 1  
  149  9:07  Hydralisk  
  149  9:09  Overlord x2  
  151  9:13  Spine Crawler  
  151  9:15  Spine Crawler  
  151  9:16  Lurker  
  151  9:17  Lurker  
  151  9:21  Overlord  
  151  9:25  Drone x3  
  151  9:28  Hydralisk x2  
  151  9:29  Hydralisk x3  
  164  9:34  Lurker  
  164  9:36  Hatchery  
  164  9:44  Zergling x2  
  164  9:45  Zergling x34  
  179  9:53  Spore Crawler, Drone x3  
  179  9:55  Spore Crawler, Drone x2  
  179  9:58  Spore Crawler  
  181  10:02  Lurker x2  
  181  10:03  Lurker x3  
  181  10:06  Zergling x8  
  189  10:09  Seismic Spines  
  189  10:18  Spore Crawler  
  188  10:32  Adrenal Glands  
  188  10:34  Drone  
  188  10:35  Drone  
  190  10:39  Overseer  
  190  10:41  Overlord x2  
  190  10:43  Nydus Network  
  189  10:51  Zerg Ground Armor Level 3  
  181  11:00  Zergling x40  
  181  11:02  Viper  
  181  11:03  Viper  
  198  11:04  Zergling x2  
  198  11:06  Overlord  
  196  11:18  Zergling x20  
  191  11:24  Spore Crawler  
  191  11:26  Spine Crawler  
  191  11:28  Zerg Missile Weapons Level 2  
  192  11:32  Lurker x2  
  192  11:33  Lurker x3  
  194  11:41  Zergling x6  
  194  11:42  Zergling x6  
  194  11:45  Baneling  
  194  11:46  Baneling x10  
  192  12:06  Lurker  
  192  12:07  Lurker x3  
  184  12:12  Zergling x32  
  197  12:20  Nydus Canal  
  196  12:24  Zergling x6  
  199  12:44  Nydus Network  
  199  12:46  Pathogen Glands  
  199  12:47  Spire, Burrow  
  194  12:54  Viper  
  194  12:59  Zergling x12  
  200  13:06  Spore Crawler, Drone x2, Spine Crawler  
  200  13:07  Spore Crawler  
  200  13:10  Adaptive Talons  
  199  13:13  Extractor  
  199  13:14  Extractor  
  199  13:17  Drone x3  
  194  13:38  Zergling x2  
  194  13:39  Zergling x48  
  194  13:43  Neural Parasite  
  194  13:45  Baneling x9  
  179  13:59  Hydralisk x14  
  193  14:15  Viper  
  198  14:17  Hatchery  
  198  14:20  Zergling x4  
  198  14:22  Overlord  
  171  14:42  Zergling x2  
  171  14:43  Zergling x12  
  171  14:44  Overlord x2  
  159  15:01  Zergling x2, Hydralisk x4  
  159  15:02  Zergling x20  
  159  15:14  Lurker x2  
  159  15:15  Lurker x10  
Tags
 
Add a new tag
Caveats
  • Supply blocks, unpowered buildings, or Contaminate may cause inaccurate times.
  • Supply counts are checked every 10 seconds.